 Dungeon Crawl Stone Soup version 0.27.0-1-g7a08968 (webtiles) character file.

Game seed: 9181276481063282743

310 Illumine the Shield-Bearer (level 6, 0/49 HPs)
             Began as a Formicid Fighter on Aug 23, 2021.
             Slain by an orc (1 damage)
             ... on level 3 of the Dungeon.
             The game lasted 00:02:15 (2581 turns).

Illumine the Shield-Bearer (Formicid Fighter)       Turns: 2581, Time: 00:02:16

Health: 0/49       AC:  6    Str: 22    XL:     6   Next: 70%
Magic:  6/6        EV: 12    Int:  8    God:
Gold:   83         SH: 10    Dex: 10    Spells: 5/5 levels left

rFire    . . .     SeeInvis +   k - +1 short sword (elec)
rCold    . . .     Faith    .   c - +0 kite shield
rNeg     . . .     Spirit   .   b - +0 scale mail
rPois    .         Reflect  .   (helmet unavailable)
rElec    .         Harm     .   (no cloak)
rCorr    .         Rampage  .   (no gloves)
Will     .....                  (no boots)
Stlth    ..........             (no amulet)
HPRegen  0.16/turn              h - +4 ring of evasion
MPRegen  0.10/turn              (no ring)

@: no status effects
A: permanent stasis, dig shafts and tunnels, antennae 3, four strong arms
a: Dig, Shaft Self


You were on level 3 of the Dungeon.
You visited 1 branch of the dungeon, and saw 3 of its levels.

You collected 83 gold pieces.

Inventory:

Hand Weapons
 a - a +0 long sword
 k - a +1 short sword of electrocution (weapon)
Missiles
 i - 20 bolts
Armour
 b - a +0 scale mail (worn)
 c - a +0 kite shield (worn)
Jewellery
 h - a +4 ring of evasion (left hand)
Scrolls
 e - 3 scrolls of identify {unknown}
 f - a scroll of teleportation {unknown}
 g - 2 scrolls of enchant weapon {unknown}
 j - a scroll of noise {unknown}
Potions
 d - 3 potions of might
 l - a potion of resistance {unknown}


   Skills:
 + Level 4.7 Fighting
 * Level 3.1(3.9) Short Blades
 - Level 3.4(4.0) Long Blades
 - Level 3.2 Armour
 + Level 5.1 Shields


You had 5 spell levels left.
You didn't know any spells.
Your spell library contained the following spells:

 Spells                   Type           Power      Damage    Failure   Level
 Corona                   Hex            0%         N/A       95%         1
 Ensorcelled Hibernation  Hex/Ice        0%         N/A       98%         2
 Portal Projectile        Hex/Tloc       0%         N/A       100%        3
 Tukima's Dance           Hex            0%         N/A       100%        3
 Blade Hands              Tmut           0%         N/A       100%        5
 Excruciating Wounds      Necr           0%         N/A       100%        5


Dungeon Overview and Level Annotations

Branches:
Dungeon (3/15)

Altars:
Ashenzari
Nemelex Xobeh
Trog


Innate Abilities, Weirdness & Mutations

You cannot be hasted, slowed, berserked, paralysed or teleported.
You can dig through walls and to a lower floor.
You have a pair of large antennae on your head. (SInv)
Your four strong arms can wield two-handed weapons with a shield.


Message History

The orc wizard hits you but does no damage.
A ball python comes into view.
Unknown command.
The orc wizard casts a spell at you. The puff of flame hits you.
You hit the orc wizard but do no damage.
The orc wizard casts a spell at you. The puff of flame hits you.
* * * LOW HITPOINT WARNING * * *
You hit the orc wizard.
The orc wizard is moderately wounded.
The orc priest calls upon Beogh to heal the orc wizard.
The orc wizard's wounds heal themselves!
The orc wizard barely misses you.
You hit the orc wizard.
The orc wizard is lightly wounded.
The orc wizard hits you but does no damage.
You block the orc's attack.
The orc priest calls upon Beogh to heal the orc wizard.
The orc wizard's wounds heal themselves!
You hit the orc wizard.
The orc wizard is moderately wounded.
The orc wizard barely misses you.
The orc hits you from afar with a +0 trident of protection.
* * * LOW HITPOINT WARNING * * *
You hit the orc wizard.
Lightning courses through the orc wizard!
You kill the orc wizard!
You hit the ball python.
Lightning courses through the ball python!
You kill the ball python!
A hobgoblin comes into view.
The orc priest calls down the wrath of Beogh upon you.
Beogh smites you!
* * * LOW HITPOINT WARNING * * *
You hit the orc wizard.
Lightning courses through the orc wizard!
You kill the orc wizard!
The orc hits you from afar with a +0 trident of protection.
You die...

##...........#...........
.............#########...
#...........# ####...
...........######......
..........##......≈≈..
#........##.###≈≈≈≈≈≈
#..#+#.......##.≈≈≈≈.
#.oo....###..#...≈..P
#..#@#..# #..#....P..
#..o.#...^.....#.####..
###.#########.... ### #.
..... .. #. ..#### ## #
...


You could see an orc priest and an orc.

Vanquished Creatures
  A scorpion (D:3)
  2 orc priests (D:3)
  An iguana (D:3)
  2 orc wizards (D:3)
  2 hound skeletons (D:3)
  2 adders (D:2)
  An adder zombie (D:3)
  An adder skeleton (D:3)
  A worm (D:2)
  12 orcs (D:3)
  5 ball pythons
  4 endoplasms
  2 giant cockroaches (D:1)
  8 goblins
  5 hobgoblins
  6 jackals (D:2)
  3 quokkas (D:1)
  5 bats
  3 frilled lizards
  8 kobolds
  2 rats (D:3)
76 creatures vanquished.

Vanquished Creatures (others)
  A wizard (D:3)
  A plant (D:3)
2 creatures vanquished.

Grand Total: 78 creatures vanquished

Notes
Turn   | Place    | Note
-------+----------+-------------------------------------------
     0 | D:1      | Illumine the Formicid Fighter began the quest for the Orb.
     0 | D:1      | Reached XP level 1. HP: 18/18 MP: 1/1
   101 | D:1      | Reached XP level 2. HP: 21/24 MP: 2/2
   380 | D:1      | Reached XP level 3. HP: 29/29 MP: 3/3
   439 | D:1      | Reached skill level 4 in Shields
  1169 | D:2      | Reached XP level 4. HP: 29/37 MP: 4/4
  1407 | D:2      | Found a sparkling altar of Nemelex Xobeh.
  1777 | D:3      | Reached skill level 1 in Short Blades
  1777 | D:3      | Reached XP level 5. HP: 40/42 MP: 5/5
  1797 | D:3      | Found a faded altar of an unknown god.
  1853 | D:3      | Reached XP level 6. HP: 35/49 MP: 6/6
  1997 | D:3      | Found a broken altar of Ashenzari.
  2041 | D:3      | Reached skill level 5 in Shields
  2496 | D:3      | Found a bloodstained altar of Trog.
  2498 | D:3      | Noticed a wizard
  2502 | D:3      | Killed a wizard
  2580 | D:3      | HP: 1/49 [orc priest/divine providence (9)]
  2581 | D:3      | Slain by an orc

Illustrated notes

Levels and vault maps discovered:
D:1:      minmay_arrival_stone_box, layout_basic
D:2:      layout_basic, basic_altar
D:3:      layout_basic, trog_wizard, mainiacjoe_overflow_paths, serial_undead,
          serial_undead_b, serial_undead_f, serial_undead_e, serial_undead_a,
          shapermc_ecumenical_altar_mp_urbaneastern, st_stairs_5

Skill      XL: |  1  2  3  4  5  6 |
---------------+-------------------+-----
Shields        | 4 5 |  5.1
Long Blades    | 3 |  3.4
Fighting       | 4 |  4.7
Short Blades   | 1 2 3 |  3.1
Armour         | |  3.2

Action                   |  1- 3 |  4- 6 || total
-------------------------+-------+-------++-------
Melee: Long sword        |    87 |    24 ||   111
       Short sword       |       |   102 ||   102
Armor: Scale mail        |    33 |    36 ||    69
Dodge: Dodged            |    43 |    58 ||   101
Block: Kite shield       |    42 |    66 ||   108
       Rpst.: Long sword |    19 |     2 ||    21
